 Dungeon Crawl Stone Soup version 0.18.1-2-ga659475 (webtiles) character file.

820 lightmor the Magician (level 7, -10/40 HPs)
             Began as a Deep Elf Wizard on May 8, 2016.
             Engulfed by a cloud of freezing vapour (34 damage)
             ... on level 5 of the Dungeon.
             The game lasted 00:20:33 (5410 turns).

lightmor the Magician (Deep Elf Wizard)             Turns: 5410, Time: 00:20:34

Health: -10/40     AC:  7    Str:  4    XL:     7   Next: 63%
Magic:  11/19      EV: 12    Int: 29    God:
Gold:   230        SH:  0    Dex: 17    Spells: 6 memorised, 5 levels left

rFire  + + .     SeeInvis .     v - +2 quarterstaff (chaos)
rCold  . . .     Gourm    .     D - +1 leather armour of Waimmola {rElec rF++ Int+2 Dex+4} (curse)
rNeg   . . .     Faith    .     (shield currently unavailable)
rPois  .         Spirit   .     p - +0 helmet
rElec  +         Dismiss  .     w - +0 cloak
rCorr  .         Reflect  .     f - +0 pair of gloves
SustAt .         Harm     .     (no boots)
MR     .....                    B - amulet of rage
Stlth  ++........               i - +2 ring of intelligence
                                m - ring of wizardry

@: repel missiles, not resistant to hostile enchantments, unstealthy
A: no striking features
a: Evoke Berserk Rage


You were on level 5 of the Dungeon.
You were near starving.

You visited 1 branch of the dungeon, and saw 5 of its levels.

You collected 230 gold pieces.

Inventory:

Hand Weapons
 v - a +2 quarterstaff of chaos (weapon)
Missiles
 q - 37 poisoned needles
Armour
 f - a +0 pair of gloves (worn)
 p - a +0 helmet (worn)
 w - a +0 cloak (worn)
 y - a +0 buckler
 D - the cursed +1 leather armour of Waimmola (worn) {rElec rF++ Int+2 Dex+4}
   (You found it on level 4 of the Dungeon)

   It affects your intelligence (+2).
   It affects your dexterity (+4).
   It greatly protects you from fire.
   It insulates you from electricity.
   It has a curse placed upon it.
Jewellery
 i - a +2 ring of intelligence (right hand)
 m - a ring of wizardry (left hand)
 B - an amulet of rage (around neck)
Wands
 e - a wand of flame (4/48)
Scrolls
 a - a scroll of amnesia {unknown}
 g - 4 scrolls of remove curse
 n - a scroll of enchant weapon
 s - 4 scrolls of teleportation
 t - a scroll of immolation {unknown}
 C - a scroll of identify
Potions
 j - 2 potions of agility
 k - a potion of curing
 l - a potion of flight {unknown}
 o - a potion of mutation {unknown}
 r - a potion of berserk rage {unknown}
 u - a potion of might {unknown}
 x - 2 potions of heal wounds {unknown}
 z - a potion of brilliance {unknown}
Books
 b - a book of Flames

   Spells                             Type                      Level
   a - Flame Tongue                   Conjuration/Fire             1
   b - Throw Flame                    Conjuration/Fire             2
   c - Conjure Flame                  Conjuration/Fire             3
   d - Inner Flame                    Hexes/Fire                   3
   e - Sticky Flame                   Conjuration/Fire             4
   f - Fireball                       Conjuration/Fire             5
 c - a book of Minor Magic

   Spells                             Type                      Level
   a - Magic Dart                     Conjuration                  1
   b - Blink                          Translocation                2
   c - Call Imp                       Summoning                    2
   d - Repel Missiles                 Charms/Air                   2
   e - Slow                           Hexes                        2
   f - Conjure Flame                  Conjuration/Fire             3
   g - Mephitic Cloud                 Conjuration/Poison/Air       3
Comestibles
 d - 3 bread rations
 h - 2 meat rations


   Skills:
 + Level 2.2 Fighting
 * Level 1.0 Armour
 - Level 2.6 Dodging
 - Level 2.4 Stealth
 + Level 1.8 Shields
 * Level 7.2 Spellcasting
 * Level 6.5 Conjurations
   Level 1.1 Summonings
 - Level 1.1 Translocations


You had 5 spell levels left.
You knew the following spells:

 Your Spells              Type           Power        Failure   Level  Hunger
a - Magic Dart            Conj           ####         1%          1    None
b - Mephitic Cloud        Conj/Pois/Air  ###.....     6%          3    None
c - Conjure Flame         Conj/Fire      ####....     4%          3    None
d - Repel Missiles        Chrm/Air       ##....       6%          2    None
e - Blink                 Tloc           N/A          4%          2    None
f - Sticky Flame          Conj/Fire      ####....     10%         4    ##.....


Dungeon Overview and Level Annotations

Branches:
Dungeon (5/15)
 Temple: D:4-7

Altars:
Ashenzari
Trog
The Shining One

Annotations:
D:4 lightmor's ghost, amateur DEWz


Message History

You hit something but do no damage.
The rat bites something but does no damage.
The rat bites the bush but does no damage.
The rat bites something but does no damage.
You completely miss something.
The rat bites the bush but does no damage.
The rat bites something but does no damage.
You closely miss something.
The rat bites the bush but does no damage.
The rat bites something but does no damage.
The rat bites the bush but does no damage.
You hit something but do no damage.
You are engulfed in freezing vapours.
The bush is engulfed in freezing vapours.
The plant is engulfed in freezing vapours. x2
The rat is engulfed in freezing vapours.
You kill the rat!
The rat bites the bush but does no damage.
You hit something but do no damage.
You are engulfed in freezing vapours.
Ouch! That really hurt!
You die...

####.# #.##.##).# #######..##
..##.## #.##....## #..# ...#..#
######### #.(### ....#.# #♣
#PP♣♣♣#♣♣####..<.. ....#.####
#♣P##P#..≈#P♣#.....### ....#.##.#
♣P#PPP.....#P#..))...#
.........##PP..#.......P#.#..##..
..###....# #..r#.§.§§..)).#...###
### #....# PPr§#@§.....P#####.#
##.##.# ♣PPP{P§....PP# ..#
####..##.# ♣♣PP#PP...PPP# ....
.....(##.####♣♣♣#P#♣♣♣♣P# ....
.....###....# ### .... ....)#
###### .....# #.# .....#######.#
..# .....##......# #..


You could see 2 rats.

Vanquished Creatures
  2 ogres (D:4)
  A big kobold (D:5)
  A giant frog (D:4)
  3 crimson imps
  2 hounds
  Crazy Yiuf (D:2)
  An orc wizard (D:4)
  A giant frog skeleton (D:4)
  3 worker ants
  Robin (D:1)
  3 gnolls (D:2)
  A howler monkey skeleton (D:4)
  5 adders
  A shadow imp (D:3)
  An adder skeleton (D:5)
  A worm (D:2)
  4 dart slugs
  2 giant geckos
  17 orcs
  6 bats
  A giant cockroach (D:1)
  11 goblins
  7 hobgoblins
  2 jackals (D:3)
  2 quokkas
  A jackal zombie (D:5)
  11 kobolds
  A quokka skeleton (D:4)
  7 rats
100 creatures vanquished.

Notes
Turn   | Place    | Note
--------------------------------------------------------------
     0 | D:1      | lightmor the Deep Elf Wizard began the quest for the Orb.
     0 | D:1      | Reached XP level 1. HP: 10/10 MP: 7/7
   324 | D:1      | Reached XP level 2. HP: 15/15 MP: 2/9
   964 | D:2      | Noticed Robin
  1231 | D:2      | Reached XP level 3. HP: 19/19 MP: 5/10
  1251 | D:1      | Learned a level 3 spell: Mephitic Cloud
  1255 | D:1      | Learned a level 3 spell: Conjure Flame
  1258 | D:1      | Learned a level 2 spell: Repel Missiles
  1376 | D:1      | Killed Robin
  2010 | D:2      | Found a shattered altar of Ashenzari.
  2013 | D:2      | Reached XP level 4. HP: 24/24 MP: 8/12
  2283 | D:2      | Noticed Crazy Yiuf
  2292 | D:2      | Killed Crazy Yiuf
  2544 | D:2      | Learned a level 2 spell: Blink
  2548 | D:3      | Reached XP level 5. HP: 26/28 MP: 10/14
  2680 | D:3      | Found a glowing golden altar of the Shining One.
  2807 | D:3      | Found a bloodstained altar of Trog.
  2901 | D:3      | Reached skill level 5 in Spellcasting
  2943 | D:3      | You fall through a shaft for 2 floors!
  2943 | D:5      | Entered Level 5 of the Dungeon
  2947 | D:5      | Reached skill level 5 in Conjurations
  2977 | D:4      | Noticed an ogre
  2977 | D:4      | Noticed lightmor's ghost (amateur DEWz)
  3115 | D:4      | Killed an ogre
  3115 | D:4      | Reached skill level 1 in Fighting
  3115 | D:4      | Reached XP level 6. HP: 34/34 MP: 4/16
  3410 | D:5      | Reached skill level 1 in Shields
  3565 | D:5      | Learned a level 4 spell: Sticky Flame
  3568 | D:5      | Reached skill level 6 in Spellcasting
  4259 | D:3      | Reached XP level 7. HP: 37/39 MP: 1/19
  4741 | D:4      | Reached skill level 7 in Spellcasting
  4891 | D:4      | Got a shimmering leather armour
  4902 | D:4      | Identified the cursed +1 leather armour of Waimmola {rElec rF++ Int+2 Dex+4} (You found it on level 4 of the Dungeon)
  5373 | D:5      | Reached skill level 1 in Armour
  5410 | D:5      | Engulfed by a cloud of freezing vapour

Skill      XL: |  1  2  3  4  5  6  7 |
---------------+----------------------+-----
Conjurations   | 2 3 4 5 6 |  6.5
Spellcasting   | 5 6 7 |  7.2
Fighting       | 1 2 |  2.2
Shields        | 1 |  1.8
Armour         | 1 |  1.0
Dodging        | |  2.6
Stealth        | |  2.4
Summonings     | |  1.1
Translocations | |  1.1

Action                   |  1- 3 |  4- 6 |  7- 9 || total
-------------------------+-------+-------+-------++-------
Melee: Hand axe          |     1 |       |       ||     1
       Quarterstaff      |       |     6 |    14 ||    20
 Cast: Magic Dart        |    79 |   149 |    64 ||   292
       Repel Missiles    |     2 |       |       ||     2
       Mephitic Cloud    |     1 |     9 |     2 ||    12
       Conjure Flame     |       |     3 |     3 ||     6
       Sticky Flame      |       |       |     2 ||     2
  Use: Scroll            |     6 |     1 |       ||     7
       Potion            |       |     1 |       ||     1
  Eat: Chunk             |     3 |     7 |     2 ||    12
Armor: Robe              |     6 |    17 |     3 ||    26
       Leather armour    |       |       |     3 ||     3
Dodge: Dodged            |    15 |    35 |    11 ||    61
       Deflected         |     5 |       |     1 ||     6
